 Dungeon Crawl Stone Soup version 0.27.1-1-g398f81649c (webtiles) character file.

Game seed: 11784853990690379994

3437 pkoi the Grappler (level 9, -11/127 HPs)
             Began as a Troll Berserker on Sept 9, 2021.
             Was an Elder of Trog.
             Mangled by an orc warrior (13 damage)
             ... on level 10 of the Dungeon.
             The game lasted 00:07:22 (5224 turns).

pkoi the Grappler (Troll Berserker)                 Turns: 5224, Time: 00:07:23

Health: -11/127    AC:  5    Str: 29    XL:     9   Next: 77%
Magic:  8/8        EV: 10    Int:  4    God:    Trog [****..]
Gold:   243        SH:  0    Dex:  9    Spells: 8/8 levels left

rFire    + . .     SeeInvis .     - Unarmed
rCold    . . .     Faith    .   (no shield)
rNeg     + . .     Spirit   .   a - +1 animal skin
rPois    .         Reflect  .   (helmet restricted)
rElec    .         Harm     .   g - scarf {shadows}
rCorr    .         Rampage  .   (gloves unavailable)
Will     .....                  (boots unavailable)
Stlth    ..........             (no amulet)
HPRegen  1.31/turn              d - ring of protection from fire
MPRegen  0.11/turn              i - ring of positive energy

@: berserking, very quick
A: large, unfitting armour, claws 3, regeneration 1, shaggy fur 1, tough skin 1
a: Renounce Religion, Berserk, Trog's Hand, Brothers in Arms


You were on level 10 of the Dungeon.
You worshipped Trog.
Trog was greatly pleased with you.
You visited 2 branches of the dungeon, and saw 9 of its levels.

You collected 360 gold pieces.
You spent 117 gold pieces at shops.

Inventory:

Missiles
 k - 8 boomerangs (quivered)
Armour
 a - a +1 animal skin (worn)
 g - a scarf of shadows (worn)
Jewellery
 d - a ring of protection from fire (left claw)
 i - a ring of positive energy (right claw)
 l - a ring of protection from fire
Wands
 n - a wand of polymorph (5)
 s - a wand of iceblast (7)
Scrolls
 b - 6 scrolls of identify
 e - 3 scrolls of teleportation
 p - a scroll of blinking
Potions
 f - a potion of haste
 h - a potion of ambrosia
 j - a potion of cancellation
 m - 2 potions of curing
 o - a potion of flight
 q - a potion of heal wounds


   Skills:
 + Level 4.6 Fighting
 + Level 4.1 Throwing
 + Level 3.7 Armour
 + Level 4.6 Dodging
 * Level 10.6 Unarmed Combat


You had 8 spell levels left.
You didn't know any spells.
Your spell library was empty.

Dungeon Overview and Level Annotations

Branches:
Dungeon (7/15)             Temple (1/1) D:5

Altars:
Ashenzari
Cheibriados
Dithmenos
Elyvilon
Fedhas
Gozag
Hepliaklqana
Kikubaaqudgha
Makhleb
Nemelex Xobeh
Okawaru
Qazlal
Ru
Trog
Uskayaw
Vehumet
Wu Jian
Xom
Yredelemnul
Zin
The Shining One

Shops:
D:1 *   D:3 ?   D:4 *

Annotations:
D:3 3 runed translucent doors, WaxSun's ghost, amateur FoCK


Innate Abilities, Weirdness & Mutations

You are too large for most types of armour.
You have claws for hands.
Your natural rate of healing is unusually fast.
You are covered in fur. (AC +1)
You have tough skin. (AC +1)


Message History

You destroy the wight!
Trog accepts your kill.
You feel sick.
You feel sick.
The orc warrior hits you from afar with a +0 glaive!
* * * LOW HITPOINT WARNING * * *
The wight closely misses you.
Items here: (( )))))) [[[[ †††.
You barely miss the wight. Your claw misses the wight.
The orc warrior closely misses you.
The wight hits you with a +0 great sword!
* * * LOW HITPOINT WARNING * * *
You partially resist.
You feel drained.
* * * LOW HITPOINT WARNING * * *
You claw the wight!
The wight is severely damaged.
You feel sick.
You are no longer poisoned.
An orc comes into view. It is wielding a +0 whip.
The orc shouts!
You eviscerate the wight!!!
You destroy the wight!
Trog accepts your kill.
You hear a shout!
The orc warrior hits you from afar with a +0 glaive!
* * * LOW HITPOINT WARNING * * *
You eviscerate the wight!!!
You destroy the wight!
Trog accepts your kill.
Your Throwing skill increases to level 4!
Unknown command.
You eviscerate the meliai zombie!!!
You destroy the meliai zombie!
Trog accepts your kill.
The orc warrior hits you from afar with a +0 glaive!
* * * LOW HITPOINT WARNING * * *
Your life force feels restored.
Unknown command.
The orc warrior hits you with a +0 glaive!
You die...

###########........#####
............)...........
......#####.#####.######
......# #.# #.# ......# #.#
#.# ......# #.# #.# ......#
#.# #.#
......#####.#####o##########
.........)))@.o.........
.........(#####......<..
..........# #.!.......
..........# #...z.....
..........# #..o.o....
..........# #.........
..........# #.......).
..........# #.........
.)........# #.........


You could see an orc warrior and an orc.

Vanquished Creatures
  A hornet (D:6)
  Prince Ribbit (D:7)
  A meliai zombie (D:10)
  A shadow (D:10)
  6 yaks (D:10)
  Edmund (D:4)
  An ice beast (D:6)
  A sky beast (D:6)
  A black bear (D:4)
  An ogre (D:4)
  A gnoll sergeant (D:7)
  3 kobold brigands
  3 scorpions
  8 wights
  A centaur zombie (D:6)
  3 orc priests
  4 hounds
  A bullfrog skeleton (D:3)
  A scorpion zombie (D:5)
  3 orc wizards
  A howler monkey zombie (D:10)
  6 gnolls
  4 adders
  A white imp (D:6)
  An ufetubus (D:5)
  A dart slug (D:4)
  18 orcs
  8 ball pythons
  6 bats
  4 endoplasms
  3 giant cockroaches
  5 goblins
  4 hobgoblins
  4 jackals (D:4)
  20 kobolds
  7 quokkas
  5 frilled lizards
  3 rats
144 creatures vanquished.

Vanquished Creatures (others)
  3 fungi (D:3)
  A plant (D:3)
4 creatures vanquished.

Grand Total: 148 creatures vanquished

Notes
Turn   | Place    | Note
-------+----------+-------------------------------------------
     0 | D:1      | pkoi the Troll Berserker began the quest for the Orb.
     0 | D:1      | Reached XP level 1. HP: 22/22 MP: 0/0
    61 | D:1      | Reached XP level 2. HP: 29/29 MP: 1/1
    80 | D:1      | Reached skill level 4 in Unarmed Combat
   120 | D:1      | Found Ymufoc's Assorted Antiques.
   194 | D:1      | Reached XP level 3. HP: 35/36 MP: 2/2
   488 | D:1      | Reached ** piety under Trog
   636 | D:1      | Found a faded altar of an unknown god.
  1398 | D:3      | Reached skill level 5 in Unarmed Combat
  1398 | D:3      | Reached XP level 4. HP: 44/44 MP: 3/3
  1627 | D:3      | Found Xuoch's Magic Scroll Shoppe.
  1635 | D:3      | Bought 3 scrolls of identify for 78 gold pieces
  1635 | D:3      | Bought a scroll of teleportation for 39 gold pieces
  1765 | D:3      | Found a runed translucent gate.
  1765 | D:3      | Found a runed translucent gate.
  1765 | D:3      | Found a runed translucent gate.
  1766 | D:3      | Noticed WaxSun's ghost (amateur FoCK)
  1767 | D:3      | Noticed a kobold brigand
  2011 | D:4      | Found Wuuxkyeh's Assorted Antiques.
  2151 | D:4      | Reached XP level 5. HP: 47/50 MP: 4/4
  2190 | D:4      | Found a burning altar of Makhleb.
  2216 | D:4      | Noticed an ogre
  2223 | D:4      | Killed an ogre
  2224 | D:4      | Reached skill level 6 in Unarmed Combat
  2302 | D:4      | Noticed Edmund
  2314 | D:4      | Killed Edmund
  2315 | D:4      | Reached skill level 7 in Unarmed Combat
  2315 | D:4      | Reached XP level 6. HP: 53/59 MP: 5/5
  2539 | D:4      | Reached skill level 8 in Unarmed Combat
  2846 | D:5      | Entered Level 5 of the Dungeon
  2853 | D:5      | Reached *** piety under Trog
  2854 | D:5      | Reached XP level 7. HP: 44/66 MP: 6/6
  2992 | D:5      | Found a stormy altar of Qazlal.
  3114 | D:5      | Found a staircase to the Ecumenical Temple.
  3144 | D:5      | Identified the +10 rapier of Fortitude {freeze, Drain rN+
                  | rCorr Dex+4}
  3161 | Temple   | Entered the Ecumenical Temple
  3431 | D:5      | Reached skill level 1 in Throwing
  3923 | D:6      | Reached skill level 1 in Armour
  4033 | D:6      | Noticed a hornet
  4044 | D:6      | Killed a hornet
  4045 | D:6      | Reached XP level 8. HP: 40/75 MP: 7/7
  4111 | D:6      | Reached skill level 9 in Unarmed Combat
  4739 | D:7      | Found a shadowy altar of Dithmenos.
  4804 | D:7      | Noticed Prince Ribbit
  4814 | D:7      | Killed Prince Ribbit
  4942 | D:7      | Found a bloodstained altar of Trog.
  5022 | D:7      | You fall into a shaft and drop 3 floors!
  5022 | D:10     | Entered Level 10 of the Dungeon
  5041 | D:10     | Reached **** piety under Trog
  5045 | D:10     | Reached XP level 9. HP: 47/84 MP: 8/8
  5097 | D:10     | Reached skill level 10 in Unarmed Combat
  5223 | D:10     | HP: 1/124 [orc warrior (9)]
  5224 | D:10     | Mangled by an orc warrior

Illustrated notes

Levels and vault maps discovered:
D:1:      elethiomel_arrival_infinity_welcomes_careful_drivers, layout_rooms,
          dreamdust_ecumenical_altar_angels_and_demons, serial_shops,
          shop_fountains, st_stairs_11, minmay_unequal
D:2:      minmay_chambers_of_ones, layout_loops_ring
D:3:      layout_rooms, serial_shops, nicolae_lakefront_shop,
          gammafunk_ghost_nasty_kobolds, minmay_misc_feat_room
D:4:      layout_gridville, bloody_makhleb, serial_shops, nicolae_square_shop,
          uniq_edmund
D:5:      layout_loops_cross, nicolae_qazlal_scattered_showers,
          temple_fountains, minmay_misc_feat_square, kennysheep_donut
D:6:      layout_rooms, chequers_serial_rivers_large_a,
          kennysheep_generic_room_14
D:7:      layout_basic, mainiacjoe_overflow_boulevard,
          nicolae_dithmenos_the_darkroom, uniq_prince_ribbit1
D:10:     layout_small_grid
Temple:   minmay_crystal_spiral_temple

Skill      XL: |  1  2  3  4  5  6  7  8  9 |
---------------+----------------------------+-----
Unarmed Combat | 4 5 7 8 9 10 | 10.6
Throwing       | 1 3 4 |  4.1
Armour         | 1 2 3 |  3.7
Fighting       | 3 4 |  4.6
Dodging        | 3 4 |  4.6

Action                   |  1- 3 |  4- 6 |  7- 9 || total
-------------------------+-------+-------+-------++-------
Melee: Unarmed           |    96 |   105 |   222 ||   423
       Punch             |     2 |     5 |     7 ||    14
Invok: Berserk           |       |     1 |     3 ||     4
Evoke: Wand              |       |       |     1 ||     1
  Use: Scroll            |       |     7 |     8 ||    15
       Potion            |       |       |     5 ||     5
 Stab: Distracted        |       |     1 |       ||     1
Armor: Animal skin       |    36 |    25 |    53 ||   114
Dodge: Dodged            |    69 |    61 |   105 ||   235
